 Dungeon Crawl Stone Soup version 0.29-a0-284-gf9362112df (webtiles) character file.

Game seed: 11545798323388915722

170 Hubjo the Skirmisher (level 5, -1/42 HPs)
             Began as a Demonspawn Monk on Mar 30, 2022.
             Was a Plaything of Xom.
             Slain by an orc wizard
             ... wielding a +0 dagger
              (3 damage)
             ... on level 4 of the Dungeon.
             The game lasted 00:05:19 (3405 turns).

Hubjo the Skirmisher (Demonspawn Monk)              Turns: 3405, Time: 00:05:19

Health: -1/42      AC:  5    Str: 18    XL:     5   Next: 26%
Magic:  7/7        EV: 17    Int: 11    God:    Xom [.*....]
Gold:   142        SH:  0    Dex: 17    Spells: 7/7 levels left

rFire   . . .      SeeInvis .   i - +4 quarterstaff (chaos)
rCold   . . .      Faith    .   (shield currently unavailable)
rNeg    . . .      Spirit   .   b - +0 robe
rPois   .          Reflect  .   (no helmet)
rElec   .          Harm     .   (no cloak)
rCorr   .          Rampage  .   (no gloves)
Will    .....                   c - +2 pair of boots {Stlth+}
Stlth   ++++......              (no amulet)
HPRegen 0.14/turn               f - +4 ring of evasion
MPRegen 0.10/turn               h - +6 ring of strength

@: no status effects
A: demonic guardian 1, ignite blood 1, weakness stinger 2
a: Renounce Religion


You were on level 4 of the Dungeon.
You worshipped Xom.
You were a plaything of Xom.
You visited 1 branch of the dungeon, and saw 4 of its levels.

You collected 142 gold pieces.

Inventory:

Hand Weapons
 a - a +0 short sword
 i - a +4 quarterstaff of chaos (weapon)
Missiles
 d - a throwing net (quivered)
Armour
 b - a +0 robe (worn)
 c - a +2 pair of boots of stealth (worn)
Jewellery
 f - a +4 ring of evasion (left hand)
 h - a +6 ring of strength (right hand)
Scrolls
 j - a scroll of identify
 k - a scroll of fog {unknown}
 m - 2 scrolls of immolation {unknown}
Potions
 e - a potion of lignification
 g - 2 potions of curing {unknown}
 l - a potion of heal wounds {unknown}


   Skills:
 + Level 4.3 Fighting
 - Level 2.6 Short Blades
 * Level 0.8 Staves
 - Level 2.6 Dodging
 * Level 3.6 Stealth
 + Level 1.7 Spellcasting


You had 7 spell levels left.
You didn't know any spells.
Your spell library contained the following spells:

 Spells                   Type           Power      Damage    Failure   Level
 Portal Projectile        Hex/Tloc       0%         N/A       65%         3
 Blade Hands              Tmut           0%         N/A       100%        5
 Excruciating Wounds      Necr           0%         N/A       100%        5


Dungeon Overview and Level Annotations

Branches:
Dungeon (4/15)
 Temple: D:4-7

Altars:
Xom


Innate Abilities, Weirdness & Mutations

A weak demonic guardian rushes to your aid.
Your demonic aura sometimes causes spilled blood to erupt in flames.
You have a tail ending in a sharp stinger.


Message History

The gnoll closely misses you.
The gnoll hits you from afar with a +0 halberd.
Your quasit bites the orc but does no damage.
Your quasit claws the orc.
Your quasit barely misses the orc.
Your quasit bites the orc.
Your quasit misses the orc.
Your quasit closely misses the orc.
The gnoll misses you. The necrophage misses your quasit.
The gnoll hits your quasit with a +0 halberd!
The orc barely misses you. Something hits you.
Your quasit bites the orc but does no damage.
Your quasit claws the orc.
The orc dies!
The gnoll misses you. Something closely misses your quasit.
Your quasit bites the orc.
Your quasit claws the orc.
The orc dies!
Something hits you.
* * * LOW HITPOINT WARNING * * *
Your quasit bites the necrophage.
Your quasit claws the necrophage but does no damage. x2
You're too confused to move!
You hear some strange, mumbled words.
A puff of flame appears from out of thin air!
The puff of flame misses you.
The orc throws a boomerang.
The boomerang barely misses your quasit.
The boomerang hits the necrophage.
The gnoll misses you. The gnoll hits you but does no damage.
The gnoll completely misses you. Something hits you but does no damage.
The gnoll barely misses you. The necrophage misses your quasit.
The gnoll misses you. The gnoll hits you with a +0 whip!
* * * LOW HITPOINT WARNING * * *
Your quasit completely misses the gnoll.
Your quasit claws the gnoll.
Your quasit barely misses the gnoll.
Unknown command.
You barely miss the gnoll.
The gnoll is lightly wounded.
You feel less confused. Something hits you.
You die...
Xom laughs nastily!

#............. .......
#...##..########......
#.........#####.......
#...##..#.......#
####.....##.....##
##...............
#.....g..........
#...g{n)o........
#...@g5..........
#.....g..........
#................
#..............<.
##.).......>....#
##..!..##.....##
###..## ###### #..#


You could see a necrophage, 4 gnolls, an orc and a friendly quasit (summoned).

Vanquished Creatures
  A howler monkey (D:4)
  Terence (D:2)
  2 adders (D:2)
  A worm (D:2)
  A dart slug (D:1)
  5 ball pythons
  7 endoplasms
  11 giant cockroaches
  3 goblins (D:2)
  A hobgoblin (D:1)
  2 quokkas
  2 frilled lizards
  4 kobolds
  4 rats
45 creatures vanquished.

Vanquished Creatures (collateral kills)
  Crazy Yiuf (D:2)
  2 orcs (D:4)
  An endoplasm (D:2)
  A hobgoblin (D:2)
5 creatures vanquished.

Vanquished Creatures (others)
  2 fungi (D:2)
2 creatures vanquished.

Grand Total: 52 creatures vanquished

Notes
Turn   | Place    | Note
-------+----------+-------------------------------------------
     0 | D:1      | Hubjo the Demonspawn Monk began the quest for the Orb.
     0 | D:1      | Reached XP level 1. HP: 18/18 MP: 1/1
   443 | D:1      | Discovered your monstrous ancestry.
   443 | D:1      | Gained mutation: You have a small tail. [demonic ancestry]
   443 | D:1      | Reached XP level 2. HP: 22/24 MP: 2/2
   891 | D:2      | Gained mutation: You have a tail ending in a sharp stinger.
                  | [demonic ancestry]
   891 | D:2      | Reached XP level 3. HP: 17/29 MP: 2/4
  1099 | D:2      | Reached skill level 1 in Spellcasting
  1589 | D:2      | Noticed Terence
  1613 | D:2      | Killed Terence
  1614 | D:2      | Gained mutation: A weak demonic guardian rushes to your
                  | aid. [demonic ancestry]
  1614 | D:2      | Reached XP level 4. HP: 10/37 MP: 4/6
  1890 | D:2      | Found a faded altar of an unknown god.
  2044 | D:2      | Found a runed translucent door.
  2045 | D:2      | Noticed Crazy Yiuf
  2055 | D:2      | HP: 1/37 [Crazy Yiuf/+4 quarterstaff of chaos (15)]
  2056 | D:2      | Killed Crazy Yiuf
  2057 | D:2      | Reached skill level 4 in Fighting
  2621 | D:2      | Prayed at the altar of an unknown god.
  2621 | D:2      | Became a worshipper of Xom of Chaos
  2666 | D:3      | XOM: stealth player
  3275 | D:4      | Gained mutation: Your demonic aura sometimes causes spilled
                  | blood to erupt in flames. [demonic ancestry]
  3275 | D:4      | Reached XP level 5. HP: 42/42 MP: 7/7
  3367 | D:4      | XOM: silly message
  3397 | D:4      | XOM: chaos upgrade
  3404 | D:4      | HP: 2/42 [gnoll/+0 whip (9)]
  3405 | D:4      | Slain by an orc wizard

Illustrated notes

Levels and vault maps discovered:
D:1:      dpeg_arrival_more_subterranean_lakeside_camping, layout_basic
D:2:      minmay_roachtagon, layout_rooms, shapermc_ecumenical_altar_notcrosses,
          uniq_crazy_yiuf_cottage, uniq_terence
D:3:      layout_basic
D:4:      layout_rooms, dk_noncrumbling_3

Skill      XL: |  1  2  3  4 |
---------------+-------------+-----
Stealth        | 2 3 |  3.6
Spellcasting   | 1 |  1.7
Fighting       | 4 |  4.3
Short Blades   | |  2.6
Staves         | |  0.8
Dodging        | |  2.6

Action                   |  1- 3 |  4- 6 || total
-------------------------+-------+-------++-------
Melee: Short sword       |   124 |    16 ||   140
       Punch             |     1 |       ||     1
       Tailslap          |    16 |     4 ||    20
       Quarterstaff      |       |    14 ||    14
  Use: Scroll            |     1 |     2 ||     3
       Potion            |     1 |       ||     1
 Stab: Sleeping          |     3 |     6 ||     9
Armor: Robe              |    14 |     5 ||    19
Dodge: Dodged            |   106 |    32 ||   138

Table legend: (Time is in decaauts)
 A = Elapsed time spent in this place.
 B = Non-inter-level travel time spent in this place.
 C = Inter-level travel time spent in this place.
 D = Time resting spent in this place.
 E = Time spent auto-exploring this place.
 F = Levels seen in this place.
 G = Mean time per level.
                   A        B        C        D        E       F      G
               +--------+--------+--------+--------+--------+-----+--------+
         Total |   3410 |   3353 |     57 |    396 |   2362 |   4 |  852.5 |
       Dungeon |   3410 |   3353 |     57 |    396 |   2362 |   4 |  852.5 |
               +--------+--------+--------+--------+--------+-----+--------+

Top non-repeatable levels by time:
     D:2: 1790 daAuts
     D:1: 877 daAuts
     D:3: 578 daAuts
     D:4: 163 daAuts
